General information
- name: BNet
- type: Ladder team game (AT/RT)
- host: Battle.net
- saver: GapInTheTooth
map: FullScaleAssault
- players: 8
- length: 110:06
- speed: Fast
- version: 1.21 W3XP
- replay type: Public
» download(565 KB)
Players
team 1 (loser)

»
Cottonpicka (
blue | 23 APM | 663 actions | 28:59)
4 Shadow Hunter
2 Serpent Ward
2 Healing Wave
» actions
| Basic commands | 16 | |
| Build / train | 57 | |
| Enter build submenu | 22 | |
| Enter hero's abilities submenu | 5 | |
| Right click | 280 | |
| Select / deselect | 226 | |
| Use ability | 57 | |
663 total
» units
| Peon | 10 | |
| Grunt | 11 | |
| Goblin Shredder | 1 | |
| Goblin Zeppelin | 1 | |
| Tauren | 7 | |
| Demolisher | 9 | |
39 total
» upgrades
| Armor | 3 | |
| Melee Weapons | 3 | |
| Pillage | 1 | |
| Pulverize | 1 | |
| Reinforced Defenses | 1 | |
| Burning Oil | 1 | |
| Ranged Weapons | 1 | |
11 total
» buildings
| Altar of Storms | 1 | |
| Orc Burrow | 9 | |
| Barracks | 1 | |
| War Mill | 1 | |
| Stronghold | 1 | |
| Fortress | 1 | |
| Tauren Totem | 2 | |
| Watch Tower | 8 | |
24 total
» build order
00:15 Altar of Storms
00:21 Orc Burrow
00:24 Barracks
01:55 Orc Burrow
03:16 War Mill
04:30 Stronghold
05:03 Orc Burrow
05:31 Orc Burrow
06:54 Fortress
08:30 Orc Burrow
09:48 Tauren Totem
09:50 Tauren Totem
12:22 Orc Burrow
12:24 Orc Burrow
19:05 Watch Tower
19:08 Watch Tower
19:11 Watch Tower
19:20 Watch Tower
19:24 Watch Tower
19:27 Watch Tower
20:36 Watch Tower
20:40 Watch Tower
21:50 Orc Burrow
21:54 Orc Burrow

»
l3ig_Corona (
pink | 36 APM | 3915 actions | 110:06)
10 Tauren Chieftain
3 War Stomp
3 Endurance Aura
1 Reincarnation
3 Shockwave
1 Shadow Hunter
1 Hex
» actions
| Basic commands | 13 | |
| Build / train | 137 | |
| Enter build submenu | 29 | |
| Enter hero's abilities submenu | 11 | |
| Remove unit from queue | 11 | |
| Right click | 1960 | |
| Select / deselect | 1546 | |
| Use ability | 207 | |
3915 total
» units
| Peon | 7 | |
| Grunt | 8 | |
| Tauren | 24 | |
| Goblin Zeppelin | 2 | |
| Goblin Shredder | 1 | |
| Kodo Beast | 1 | |
| Demolisher | 7 | |
| Troll Batrider | 18 | |
| Troll Witch Doctor | 15 | |
| Raider | 11 | |
94 total
» upgrades
| Armor | 3 | |
| Pulverize | 1 | |
| Melee Weapons | 2 | |
| Burning Oil | 1 | |
| Ensnare | 2 | |
9 total
» buildings
| Altar of Storms | 1 | |
| Orc Burrow | 9 | |
| Barracks | 1 | |
| War Mill | 1 | |
| Voodoo Lounge | 1 | |
| Stronghold | 2 | |
| Watch Tower | 3 | |
| Fortress | 2 | |
| Tauren Totem | 2 | |
| Beastiary | 3 | |
| Great Hall | 4 | |
| Spirit Lodge | 2 | |
31 total
» build order
00:19 Altar of Storms
00:34 Orc Burrow
01:07 Barracks
01:54 Orc Burrow
02:34 War Mill
03:04 Orc Burrow
04:44 Voodoo Lounge
04:56 Stronghold
05:35 Watch Tower
06:26 Watch Tower
07:12 Watch Tower
08:21 Fortress
09:31 Orc Burrow
10:44 Orc Burrow
10:49 Tauren Totem
10:53 Tauren Totem
12:31 Orc Burrow
12:35 Orc Burrow
12:38 Orc Burrow
19:31 Beastiary
23:08 Great Hall
24:57 Great Hall
26:58 Great Hall
30:48 Stronghold
36:15 Beastiary
38:10 Fortress
38:44 Great Hall
49:26 Spirit Lodge
51:19 Orc Burrow
56:23 Beastiary
58:28 Spirit Lodge
» items
| Potion of Healing | 3 | |
| Healing Salve | 1 | |
| Potion of Mana | 2 | |
| Orb of Lightning | 1 | |
7 total

»
snupy (
teal | 29 APM | 1295 actions | 44:49)
5 Keeper of the Grove
3 Entangling Roots
2 Force of Nature
1 Shadow Hunter
1 Healing Wave
» actions
| Basic commands | 84 | |
| Build / train | 57 | |
| Enter build submenu | 20 | |
| Enter hero's abilities submenu | 6 | |
| Remove unit from queue | 1 | |
| Right click | 596 | |
| Select / deselect | 446 | |
| Use ability | 85 | |
1295 total
» units
| Wisp | 15 | |
| Archer | 8 | |
| Goblin Zeppelin | 2 | |
| Hippogryph | 5 | |
| Chimaera | 6 | |
| Demolisher | 2 | |
38 total
» upgrades
| Strength of the Moon | 2 | |
| Druid of the Talon Training | 2 | |
| Corrosive Breath | 1 | |
| Moon Armor | 1 | |
| Strength of the Wild | 1 | |
| Reinforced Hides | 1 | |
| Berserker Upgrade | 1 | |
9 total
» buildings
| Altar of Elders | 1 | |
| Moon Well | 8 | |
| Ancient of War | 1 | |
| Hunter's Hall | 1 | |
| Tree of Ages | 1 | |
| Ancient of Wind | 1 | |
| Ancient Protector | 2 | |
| Tree of Eternity | 1 | |
| Chimaera Roost | 1 | |
| Tree of Life | 2 | |
19 total
» build order
00:04 Altar of Elders
00:26 Moon Well
00:41 Ancient of War
01:35 Moon Well
02:21 Hunter's Hall
03:37 Tree of Ages
03:57 Moon Well
06:07 Ancient of Wind
06:11 Ancient Protector
06:17 Ancient Protector
08:02 Tree of Eternity
09:15 Moon Well
10:42 Chimaera Roost
15:20 Moon Well
15:22 Moon Well
15:25 Moon Well
15:31 Moon Well
19:53 Tree of Life
29:57 Tree of Life

»
Spectral (
purple | 44 APM | 4811 actions | 110:06)
11 Shadow Hunter
3 Serpent Ward
3 Healing Wave
2 Big Bad Voodoo
3 Hex
3 Far Seer
2 Chain Lighting
1 Far Sight
» actions
| Basic commands | 33 | |
| Build / train | 159 | |
| Enter build submenu | 39 | |
| Enter hero's abilities submenu | 16 | |
| Right click | 3194 | |
| Select / deselect | 1085 | |
| Use ability | 285 | |
4811 total
» units
| Peon | 49 | |
| Troll Headhunter/Berserker | 11 | |
| Shaman | 7 | |
| Troll Witch Doctor | 3 | |
| Goblin Zeppelin | 2 | |
| Troll Batrider | 9 | |
| Wind Rider | 29 | |
| Raider | 4 | |
| Demolisher | 1 | |
115 total
» upgrades
| Ranged Weapons | 3 | |
| Troll Regeneration | 1 | |
| Witch Doctor Training | 2 | |
| Shaman Training | 2 | |
| Berserker Upgrade | 1 | |
| Armor | 1 | |
| Liquid Fire | 1 | |
| Envenomed Spears | 1 | |
| Ensnare | 1 | |
| Spiked Barricades | 1 | |
14 total
» buildings
| Altar of Storms | 1 | |
| Orc Burrow | 8 | |
| Barracks | 1 | |
| War Mill | 3 | |
| Voodoo Lounge | 1 | |
| Stronghold | 2 | |
| Fortress | 1 | |
| Spirit Lodge | 2 | |
| Beastiary | 3 | |
| Watch Tower | 9 | |
| Great Hall | 8 | |
39 total
» build order
00:24 Altar of Storms
00:38 Orc Burrow
01:08 Barracks
01:45 War Mill
01:56 Orc Burrow
02:10 Voodoo Lounge
03:13 Stronghold
03:14 Stronghold
03:30 Orc Burrow
05:44 Fortress
05:48 Spirit Lodge
05:54 Spirit Lodge
07:01 Orc Burrow
12:36 Beastiary
12:39 Beastiary
13:43 Orc Burrow
13:46 Orc Burrow
25:44 Watch Tower
25:49 Watch Tower
25:54 Watch Tower
26:09 Watch Tower
28:23 Great Hall
38:32 Great Hall
42:52 Great Hall
44:45 Great Hall
50:40 Great Hall
76:05 Great Hall
83:44 Orc Burrow
89:30 Great Hall
102:25 Beastiary
103:39 Watch Tower
104:08 Watch Tower
106:06 War Mill
107:33 Watch Tower
107:37 Watch Tower
107:41 Watch Tower
108:49 War Mill
108:51 Orc Burrow
109:14 Great Hall
» items
| Lesser Clarity Potion | 4 | |
| Healing Salve | 1 | |
| Scroll of Town Portal | 2 | |
| Orb of Lightning | 1 | |
8 total
team 2 (winner)
fineX. (
yellow | 48 APM | 5333 actions | 110:06)
7 Blademaster
3 Wind Walk
3 Critical Strike
1 Bladestorm
6 Shadow Hunter
3 Healing Wave
2 Hex
1 Big Bad Voodoo
1 Tauren Chieftain
1 Endurance Aura
» actions
| Assign group hotkey | 33 | |
| Basic commands | 15 | |
| Build / train | 73 | |
| Enter build submenu | 45 | |
| Enter hero's abilities submenu | 18 | |
| Give item / drop item | 17 | |
| Remove unit from queue | 1 | |
| Right click | 3295 | |
| Select / deselect | 679 | |
| Select group hotkey | 905 | |
| Use ability | 246 | |
5333 total
» units
» upgrades
| Spiked Barricades | 1 | |
| Liquid Fire | 1 | |
| Reinforced Defenses | 1 | |
3 total
» buildings
| Altar of Storms | 2 | |
| Orc Burrow | 5 | |
| War Mill | 1 | |
| Watch Tower | 34 | |
| Voodoo Lounge | 2 | |
| Stronghold | 2 | |
| Beastiary | 2 | |
| Great Hall | 2 | |
| Fortress | 2 | |
52 total
» build order
00:06 Altar of Storms
00:09 Orc Burrow
00:43 War Mill
02:01 Watch Tower
02:07 Watch Tower
02:50 Watch Tower
03:15 Orc Burrow
03:27 Watch Tower
03:42 Watch Tower
04:09 Watch Tower
04:18 Watch Tower
04:39 Voodoo Lounge
04:45 Watch Tower
05:48 Watch Tower
06:25 Watch Tower
06:32 Stronghold
06:38 Watch Tower
08:00 Watch Tower
08:01 Watch Tower
09:40 Watch Tower
09:41 Watch Tower
09:54 Beastiary
09:58 Watch Tower
10:29 Orc Burrow
10:31 Orc Burrow
10:58 Great Hall
11:47 Watch Tower
11:47 Watch Tower
11:48 Watch Tower
11:59 Watch Tower
12:01 Watch Tower
12:05 Beastiary
12:12 Fortress
13:08 Watch Tower
13:08 Watch Tower
13:12 Watch Tower
13:38 Voodoo Lounge
16:48 Watch Tower
16:50 Watch Tower
16:51 Watch Tower
16:53 Watch Tower
16:55 Watch Tower
16:57 Watch Tower
17:50 Watch Tower
17:54 Watch Tower
17:56 Watch Tower
18:08 Watch Tower
62:42 Great Hall
65:45 Orc Burrow
68:49 Altar of Storms
69:53 Stronghold
72:23 Fortress
» items
| Healing Salve | 2 | |
| Lesser Clarity Potion | 4 | |
| Potion of Healing | 4 | |
| Potion of Mana | 6 | |
| Staff of Teleportation | 3 | |
| Orb of Lightning | 2 | |
| Scroll of Town Portal | 1 | |
| Scroll of Speed | 1 | |
| Boots of Speed | 3 | |
26 total
GapInTheTooth (
green | 35 APM | 3812 actions | 110:06)
10 Archmage
3 Blizzard
3 Brilliance Aura
1 Mass Teleport
3 Summon Water Elemental
» actions
| Assign group hotkey | 17 | |
| Basic commands | 285 | |
| Build / train | 119 | |
| ESC pressed | 28 | |
| Enter build submenu | 49 | |
| Enter hero's abilities submenu | 10 | |
| Give item / drop item | 5 | |
| Right click | 1761 | |
| Select / deselect | 1133 | |
| Select group hotkey | 68 | |
| Use ability | 333 | |
3812 total
» units
| Peasant | 19 | |
| Mortar Team | 2 | |
| Goblin Shredder | 1 | |
| Gryphon Rider | 9 | |
| Goblin Zeppelin | 1 | |
32 total
» upgrades
| Masonry | 4 | |
| Fragmentation Shards | 1 | |
| Flare | 1 | |
| Magic Sentry | 1 | |
| Gunpowder | 1 | |
| Lumber Harvesting | 2 | |
| Storm Hammers | 1 | |
| Cloud | 1 | |
12 total
» buildings
| Lumber Mill | 2 | |
| Scout Tower | 57 | |
| Farm | 19 | |
| Altar of Kings | 4 | |
| Guard Tower | 30 | |
| Keep | 2 | |
| Blacksmith | 1 | |
| Arcane Vault | 3 | |
| Castle | 2 | |
| Workshop | 2 | |
| Town Hall | 1 | |
| Arcane Sanctum | 1 | |
| Gryphon Aviary | 3 | |
127 total
» build order
00:10 Lumber Mill
00:45 Scout Tower
00:46 Scout Tower
00:56 Scout Tower
00:58 Scout Tower
01:10 Farm
01:20 Scout Tower
01:20 Scout Tower
02:03 Farm
02:09 Scout Tower
02:10 Scout Tower
02:27 Altar of Kings
02:41 Scout Tower
02:45 Scout Tower
02:53 Guard Tower
02:58 Guard Tower
03:11 Guard Tower
03:38 Guard Tower
03:46 Guard Tower
03:50 Guard Tower
03:54 Guard Tower
04:15 Guard Tower
04:45 Keep
04:49 Farm
05:16 Blacksmith
05:19 Arcane Vault
06:13 Farm
06:14 Farm
06:17 Farm
06:18 Farm
06:45 Scout Tower
06:45 Scout Tower
06:46 Scout Tower
06:47 Scout Tower
06:48 Scout Tower
08:12 Castle
08:14 Workshop
08:31 Guard Tower
08:47 Workshop
09:04 Guard Tower
09:06 Guard Tower
09:43 Scout Tower
10:19 Town Hall
10:54 Guard Tower
11:07 Arcane Sanctum
13:16 Scout Tower
13:17 Scout Tower
13:18 Scout Tower
13:21 Scout Tower
13:22 Scout Tower
13:23 Scout Tower
13:26 Scout Tower
13:27 Scout Tower
13:28 Scout Tower
13:29 Scout Tower
13:30 Scout Tower
13:30 Scout Tower
14:02 Lumber Mill
14:39 Guard Tower
15:14 Guard Tower
15:24 Guard Tower
15:29 Farm
15:37 Farm
15:40 Guard Tower
16:43 Guard Tower
16:48 Scout Tower
16:53 Scout Tower
16:54 Scout Tower
16:55 Scout Tower
16:55 Scout Tower
16:56 Scout Tower
16:57 Scout Tower
17:23 Farm
17:25 Farm
17:30 Keep
18:49 Guard Tower
20:09 Guard Tower
20:13 Altar of Kings
22:21 Castle
22:28 Gryphon Aviary
22:29 Gryphon Aviary
22:30 Gryphon Aviary
22:33 Farm
22:33 Farm
22:34 Farm
22:35 Farm
22:36 Farm
24:12 Scout Tower
24:13 Scout Tower
24:14 Scout Tower
24:15 Scout Tower
24:15 Scout Tower
24:16 Scout Tower
24:18 Scout Tower
24:18 Scout Tower
24:20 Scout Tower
24:21 Scout Tower
24:22 Scout Tower
24:22 Scout Tower
25:16 Guard Tower
25:32 Scout Tower
25:34 Guard Tower
25:47 Guard Tower
26:00 Guard Tower
26:01 Guard Tower
27:08 Altar of Kings
27:18 Altar of Kings
29:36 Scout Tower
29:37 Scout Tower
29:38 Scout Tower
29:39 Scout Tower
29:40 Scout Tower
29:40 Scout Tower
30:05 Guard Tower
30:13 Scout Tower
30:14 Guard Tower
30:36 Guard Tower
31:03 Guard Tower
37:56 Arcane Vault
48:23 Farm
50:57 Arcane Vault
66:56 Farm
66:58 Farm
93:30 Guard Tower
96:36 Scout Tower
96:53 Scout Tower
97:04 Guard Tower
» items
| Scroll of Regeneration | 3 | |
| Lesser Clarity Potion | 1 | |
| Mechanical Critter | 3 | |
| Staff of Teleportation | 2 | |
| Boots of Speed | 1 | |
| Potion of Lesser Invulnerability | 8 | |
| Orb of Lightning | 1 | |
| Potion of Healing | 3 | |
| Staff of Sanctuary | 1 | |
| Scroll of Town Portal | 5 | |
| Potion of Invisibility | 1 | |
| Ivory Tower | 1 | |
30 total
J_M_NEVERFORGET (
red | 41 APM | 4568 actions | 110:06)
10 Blademaster
3 Wind Walk
3 Critical Strike
1 Bladestorm
3 Mirror Image
1 Pit Lord
1 Rain of Fire
1 Goblin Alchemist
1 Acid Bomb
» actions
| Assign group hotkey | 3 | |
| Basic commands | 20 | |
| Build / train | 115 | |
| Enter build submenu | 154 | |
| Enter hero's abilities submenu | 12 | |
| Give item / drop item | 13 | |
| Remove unit from queue | 3 | |
| Right click | 2217 | |
| Select / deselect | 1346 | |
| Select group hotkey | 6 | |
| Use ability | 676 | |
4568 total
» units
| Peon | 17 | |
| Troll Batrider | 33 | |
| Goblin Shredder | 1 | |
| Goblin Zeppelin | 1 | |
| Blue Dragon | 6 | |
58 total
» upgrades
| Spiked Barricades | 3 | |
| Liquid Fire | 1 | |
| Ranged Weapons | 3 | |
| Armor | 3 | |
| Reinforced Defenses | 1 | |
| Melee Weapons | 1 | |
| Envenomed Spears | 1 | |
| Ensnare | 1 | |
| War Drums Damage Increase | 1 | |
15 total
» buildings
| Altar of Storms | 1 | |
| Orc Burrow | 3 | |
| War Mill | 1 | |
| Watch Tower | 320 | |
| Voodoo Lounge | 2 | |
| Stronghold | 1 | |
| Fortress | 1 | |
| Beastiary | 2 | |
| Great Hall | 4 | |
335 total
» build order
00:06 Altar of Storms
00:26 Orc Burrow
00:44 War Mill
01:56 Orc Burrow
02:22 Watch Tower
02:23 Watch Tower
02:47 Voodoo Lounge
03:06 Watch Tower
03:28 Watch Tower
03:34 Stronghold
03:54 Voodoo Lounge
04:06 Orc Burrow
04:12 Watch Tower
04:13 Watch Tower
04:14 Watch Tower
05:24 Watch Tower
05:25 Watch Tower
05:26 Watch Tower
06:23 Fortress
06:26 Beastiary
06:28 Beastiary
06:43 Watch Tower
07:57 Great Hall
08:21 Watch Tower
08:27 Watch Tower
09:47 Watch Tower
09:49 Watch Tower
11:57 Watch Tower
11:59 Watch Tower
12:00 Watch Tower
13:13 Watch Tower
13:14 Watch Tower
13:19 Watch Tower
15:00 Watch Tower
16:57 Watch Tower
16:57 Watch Tower
17:40 Watch Tower
17:45 Watch Tower
18:04 Watch Tower
18:09 Watch Tower
18:29 Watch Tower
18:29 Watch Tower
18:30 Watch Tower
18:31 Watch Tower
20:11 Watch Tower
20:16 Watch Tower
20:17 Watch Tower
20:35 Watch Tower
21:09 Watch Tower
21:11 Watch Tower
21:14 Watch Tower
21:26 Watch Tower
21:59 Watch Tower
23:41 Watch Tower
23:41 Watch Tower
25:04 Watch Tower
26:41 Watch Tower
26:56 Watch Tower
26:57 Watch Tower
26:57 Watch Tower
26:59 Watch Tower
27:39 Watch Tower
28:06 Great Hall
28:08 Watch Tower
28:10 Watch Tower
28:11 Watch Tower
29:03 Watch Tower
29:05 Watch Tower
29:07 Watch Tower
30:35 Watch Tower
30:36 Watch Tower
30:37 Watch Tower
31:18 Watch Tower
31:19 Watch Tower
31:20 Watch Tower
31:21 Watch Tower
31:22 Watch Tower
32:32 Great Hall
32:33 Watch Tower
32:34 Watch Tower
32:35 Watch Tower
32:37 Watch Tower
33:04 Watch Tower
33:05 Watch Tower
34:18 Watch Tower
35:59 Great Hall
36:00 Watch Tower
41:04 Watch Tower
41:05 Watch Tower
41:06 Watch Tower
41:52 Watch Tower
41:53 Watch Tower
41:55 Watch Tower
41:56 Watch Tower
41:57 Watch Tower
41:59 Watch Tower
41:59 Watch Tower
42:01 Watch Tower
42:02 Watch Tower
42:03 Watch Tower
42:04 Watch Tower
42:05 Watch Tower
42:06 Watch Tower
42:08 Watch Tower
42:10 Watch Tower
42:11 Watch Tower
42:13 Watch Tower
42:15 Watch Tower
42:17 Watch Tower
42:17 Watch Tower
49:50 Watch Tower
49:51 Watch Tower
49:53 Watch Tower
49:54 Watch Tower
49:55 Watch Tower
49:57 Watch Tower
49:58 Watch Tower
50:00 Watch Tower
50:02 Watch Tower
50:11 Watch Tower
50:12 Watch Tower
50:13 Watch Tower
50:14 Watch Tower
50:15 Watch Tower
50:16 Watch Tower
50:17 Watch Tower
50:18 Watch Tower
50:20 Watch Tower
50:22 Watch Tower
50:23 Watch Tower
50:24 Watch Tower
50:25 Watch Tower
50:26 Watch Tower
50:27 Watch Tower
50:29 Watch Tower
50:30 Watch Tower
50:31 Watch Tower
56:24 Watch Tower
56:25 Watch Tower
56:26 Watch Tower
56:27 Watch Tower
56:29 Watch Tower
56:30 Watch Tower
56:33 Watch Tower
56:34 Watch Tower
56:35 Watch Tower
57:50 Watch Tower
57:51 Watch Tower
57:52 Watch Tower
57:54 Watch Tower
57:55 Watch Tower
57:56 Watch Tower
57:56 Watch Tower
57:57 Watch Tower
57:58 Watch Tower
58:00 Watch Tower
61:56 Watch Tower
61:56 Watch Tower
61:58 Watch Tower
62:01 Watch Tower
62:02 Watch Tower
62:05 Watch Tower
62:06 Watch Tower
62:07 Watch Tower
62:08 Watch Tower
62:09 Watch Tower
62:10 Watch Tower
62:11 Watch Tower
62:11 Watch Tower
62:12 Watch Tower
62:13 Watch Tower
62:14 Watch Tower
62:17 Watch Tower
62:18 Watch Tower
62:19 Watch Tower
62:21 Watch Tower
62:22 Watch Tower
62:23 Watch Tower
65:18 Watch Tower
65:19 Watch Tower
65:20 Watch Tower
65:21 Watch Tower
65:22 Watch Tower
65:23 Watch Tower
65:24 Watch Tower
65:25 Watch Tower
65:26 Watch Tower
65:30 Watch Tower
65:31 Watch Tower
65:32 Watch Tower
65:33 Watch Tower
67:53 Watch Tower
67:56 Watch Tower
67:57 Watch Tower
68:03 Watch Tower
69:15 Watch Tower
69:18 Watch Tower
70:15 Watch Tower
70:18 Watch Tower
70:20 Watch Tower
71:51 Watch Tower
71:52 Watch Tower
71:54 Watch Tower
71:56 Watch Tower
72:00 Watch Tower
72:02 Watch Tower
72:06 Watch Tower
72:12 Watch Tower
72:15 Watch Tower
74:53 Watch Tower
76:30 Watch Tower
76:32 Watch Tower
76:34 Watch Tower
76:39 Watch Tower
76:40 Watch Tower
76:41 Watch Tower
76:43 Watch Tower
76:46 Watch Tower
76:48 Watch Tower
79:28 Watch Tower
79:29 Watch Tower
79:31 Watch Tower
79:32 Watch Tower
79:33 Watch Tower
79:34 Watch Tower
79:35 Watch Tower
79:37 Watch Tower
79:38 Watch Tower
79:40 Watch Tower
79:42 Watch Tower
79:42 Watch Tower
80:05 Watch Tower
80:06 Watch Tower
80:07 Watch Tower
80:08 Watch Tower
80:10 Watch Tower
80:11 Watch Tower
80:13 Watch Tower
80:14 Watch Tower
80:14 Watch Tower
83:39 Watch Tower
83:40 Watch Tower
83:42 Watch Tower
83:43 Watch Tower
83:46 Watch Tower
83:47 Watch Tower
83:48 Watch Tower
83:50 Watch Tower
83:51 Watch Tower
83:52 Watch Tower
83:53 Watch Tower
83:55 Watch Tower
83:56 Watch Tower
83:57 Watch Tower
83:59 Watch Tower
84:29 Watch Tower
84:31 Watch Tower
85:04 Watch Tower
85:05 Watch Tower
85:06 Watch Tower
85:07 Watch Tower
85:08 Watch Tower
85:09 Watch Tower
85:10 Watch Tower
85:19 Watch Tower
85:20 Watch Tower
85:21 Watch Tower
85:22 Watch Tower
85:23 Watch Tower
85:24 Watch Tower
85:25 Watch Tower
85:26 Watch Tower
85:28 Watch Tower
85:56 Watch Tower
85:57 Watch Tower
85:58 Watch Tower
86:55 Watch Tower
87:27 Watch Tower
87:31 Watch Tower
87:36 Watch Tower
87:41 Watch Tower
87:59 Watch Tower
88:00 Watch Tower
88:01 Watch Tower
88:02 Watch Tower
88:03 Watch Tower
88:04 Watch Tower
88:05 Watch Tower
88:07 Watch Tower
88:10 Watch Tower
88:11 Watch Tower
88:12 Watch Tower
88:13 Watch Tower
88:16 Watch Tower
89:49 Watch Tower
89:50 Watch Tower
89:53 Watch Tower
89:54 Watch Tower
89:56 Watch Tower
89:57 Watch Tower
89:58 Watch Tower
90:00 Watch Tower
90:01 Watch Tower
90:02 Watch Tower
90:03 Watch Tower
92:30 Watch Tower
92:36 Watch Tower
92:37 Watch Tower
92:52 Watch Tower
92:53 Watch Tower
92:56 Watch Tower
92:58 Watch Tower
93:03 Watch Tower
93:05 Watch Tower
93:06 Watch Tower
94:52 Watch Tower
94:54 Watch Tower
96:14 Watch Tower
96:16 Watch Tower
96:17 Watch Tower
96:20 Watch Tower
96:23 Watch Tower
96:33 Watch Tower
98:44 Watch Tower
98:46 Watch Tower
98:50 Watch Tower
98:55 Watch Tower
98:58 Watch Tower
101:44 Watch Tower
101:49 Watch Tower
109:51 Watch Tower
109:53 Watch Tower
109:57 Watch Tower
109:59 Watch Tower
110:03 Watch Tower
» items
| Healing Salve | 6 | |
| Lesser Clarity Potion | 4 | |
| Scroll of Speed | 1 | |
| Orb of Lightning | 2 | |
| Boots of Speed | 3 | |
| Staff of Teleportation | 4 | |
| Potion of Healing | 1 | |
21 total
Panda_Slammed (
orange | 41 APM | 4478 actions | 110:06)
7 Blood Mage
3 Flame Strike
3 Siphon Mana
1 Summon Phoenix
4 Dark Ranger
2 Silence
2 Life Drain
» actions
| Assign group hotkey | 6 | |
| Basic commands | 360 | |
| Build / train | 156 | |
| Enter build submenu | 96 | |
| Enter hero's abilities submenu | 13 | |
| Give item / drop item | 12 | |
| Remove unit from queue | 1 | |
| Right click | 1921 | |
| Select / deselect | 1501 | |
| Select group hotkey | 84 | |
| Use ability | 324 | |
4478 total
» units
| Peasant | 31 | |
| Mortar Team | 6 | |
| Sorceress | 2 | |
| Goblin Shredder | 3 | |
| Goblin Zeppelin | 1 | |
| Gryphon Rider | 17 | |
60 total
» upgrades
| Masonry | 1 | |
| Lumber Harvesting | 2 | |
| Sorceress Training | 2 | |
| Magic Sentry | 1 | |
| Fragmentation Shards | 1 | |
| Storm Hammers | 1 | |
| Gunpowder | 3 | |
| Armor | 2 | |
| Swords | 2 | |
15 total
» buildings
| Altar of Kings | 2 | |
| Farm | 21 | |
| Lumber Mill | 6 | |
| Scout Tower | 54 | |
| Guard Tower | 36 | |
| Keep | 3 | |
| Blacksmith | 2 | |
| Workshop | 2 | |
| Arcane Sanctum | 1 | |
| Castle | 2 | |
| Town Hall | 4 | |
| Gryphon Aviary | 6 | |
| Arcane Tower | 1 | |
140 total
» build order
00:07 Altar of Kings
00:10 Farm
00:37 Lumber Mill
00:49 Farm
01:50 Scout Tower
02:13 Scout Tower
02:15 Scout Tower
02:16 Guard Tower
02:34 Scout Tower
02:46 Guard Tower
02:48 Scout Tower
02:59 Farm
03:10 Scout Tower
03:11 Scout Tower
03:13 Guard Tower
03:19 Scout Tower
04:06 Guard Tower
04:27 Scout Tower
04:35 Scout Tower
04:36 Scout Tower
04:38 Scout Tower
04:39 Scout Tower
04:56 Guard Tower
04:57 Scout Tower
04:59 Scout Tower
05:02 Scout Tower
05:03 Scout Tower
05:04 Scout Tower
05:05 Scout Tower
05:06 Guard Tower
05:29 Guard Tower
05:33 Guard Tower
06:03 Guard Tower
06:17 Scout Tower
06:18 Guard Tower
06:23 Scout Tower
06:24 Scout Tower
06:25 Scout Tower
06:35 Keep
06:49 Guard Tower
06:52 Guard Tower
07:22 Guard Tower
08:04 Scout Tower
08:04 Scout Tower
08:05 Scout Tower
08:09 Scout Tower
08:15 Blacksmith
08:26 Guard Tower
08:27 Scout Tower
08:28 Scout Tower
08:28 Scout Tower
08:54 Farm
09:45 Guard Tower
09:50 Workshop
09:52 Workshop
09:54 Guard Tower
09:58 Farm
10:56 Farm
11:00 Arcane Sanctum
11:40 Farm
11:41 Farm
12:00 Scout Tower
12:01 Scout Tower
12:03 Scout Tower
12:05 Scout Tower
12:27 Scout Tower
12:29 Scout Tower
12:30 Guard Tower
12:50 Guard Tower
12:52 Scout Tower
12:54 Scout Tower
12:56 Guard Tower
12:56 Guard Tower
13:22 Guard Tower
13:48 Guard Tower
13:50 Scout Tower
14:06 Lumber Mill
14:20 Guard Tower
14:24 Scout Tower
14:33 Guard Tower
14:38 Scout Tower
15:02 Guard Tower
15:15 Castle
15:18 Guard Tower
16:14 Altar of Kings
18:06 Farm
19:29 Farm
30:16 Lumber Mill
30:22 Lumber Mill
34:31 Farm
35:12 Farm
35:24 Farm
35:25 Farm
35:27 Farm
40:02 Town Hall
40:29 Scout Tower
40:32 Scout Tower
40:33 Scout Tower
43:54 Guard Tower
44:41 Guard Tower
44:42 Guard Tower
44:47 Scout Tower
44:50 Scout Tower
44:52 Scout Tower
45:00 Scout Tower
45:17 Scout Tower
45:19 Scout Tower
45:20 Guard Tower
45:22 Guard Tower
45:25 Scout Tower
45:47 Guard Tower
45:48 Guard Tower
46:11 Scout Tower
46:12 Scout Tower
46:13 Guard Tower
46:14 Guard Tower
46:23 Scout Tower
46:30 Town Hall
47:08 Guard Tower
50:37 Keep
50:41 Keep
54:03 Castle
54:26 Gryphon Aviary
54:29 Gryphon Aviary
54:34 Blacksmith
55:52 Farm
55:53 Farm
58:17 Farm
58:39 Town Hall
58:55 Farm
59:03 Farm
59:54 Farm
60:41 Town Hall
92:37 Arcane Tower
94:38 Lumber Mill
94:54 Lumber Mill
98:05 Gryphon Aviary
98:07 Gryphon Aviary
98:09 Gryphon Aviary
98:34 Gryphon Aviary
» items
| Healing Salve | 3 | |
| Lesser Clarity Potion | 5 | |
| Boots of Speed | 2 | |
| Orb of Lightning | 3 | |
| Scroll of Town Portal | 2 | |
| Scroll of Speed | 2 | |
| Tiny Great Hall | 1 | |
| Periapt of Vitality | 1 | |
| Staff of Teleportation | 3 | |
| Circlet of Nobility | 1 | |
| Potion of Lesser Invulnerability | 1 | |
| Ivory Tower | 1 | |
25 total
Chat log
(00:15 / All) fineX.: snupy i think i played u and spectral
(00:35 / All) J_M_NEVERFORGET: Nuggers
(00:39 / All) snupy: never ATed with him
(00:42 / All) Spectral: 2 day?
(14:39 / Allies) fineX.: idle PEON
(21:35 / All) Cottonpicka: we dominate the water hole
(21:44 / All) fineX.: you dominate my cock
(44:36 / All) snupy: gg
(44:43 / All) J_M_NEVERFORGET: you lose
(44:57 / All) fineX.: having heroes is cool
(51:37 / Allies) fineX.: expo
(51:38 / Allies) fineX.: pink
(79:46 / Allies) fineX.: gimme some guldzz
(84:46 / All) J_M_NEVERFORGET: WAY TO FAST NIGGERS
(106:28 / All) J_M_NEVERFORGET: YOU GUYS SUCKS
(106:38 / All) J_M_NEVERFORGET: get out
(106:47 / All) Spectral: comin from some people that just played a 2 hour game
(106:51 / All) fineX.: lol
(106:55 / All) l3ig_Corona: yea took u long enough
(106:55 / All) fineX.: we coulda ended it hours ago
(107:02 / All) l3ig_Corona: yea
(107:10 / All) Panda_Slammed: we have 21k
(107:13 / All) GapInTheTooth: you could have too, by leaving
(107:27 / All) fineX.: your black
(107:32 / All) l3ig_Corona: why would u wait
(107:37 / All) fineX.: why would u
(107:41 / All) Panda_Slammed: cause it was fun
(109:40 / All) fineX.: you guys are blackkkk
(109:51 / All) Panda_Slammed: u loose
(109:52 / All) Spectral: so how was it fun letting ur heros die 100 times?
(109:57 / All) fineX.: idk
(109:58 / All) fineX.: u tell me
(109:59 / All) GapInTheTooth: it pwned
(110:02 / All) GapInTheTooth: we win
(110:05 / All) Spectral: i had fun killing them